NCAA
ARIZONA WILDCATS @ IOWA HAWKEYES
05/03/2026
 
TOP OF THE 1ST
Arizona Wildcats batting - Pitching for Iowa Hawkeyes : RHP Steve Bigham
Pitching: RHP Steve Bigham
Batting: LHB Larry Smith 0-0: Called Strike
0-1: Swinging Strike
0-2: Foul Ball, location: 2F
0-2: Ball
1-2: Strikes out looking
Batting: RHB Jesús Ortíz 0-0: Ball
1-0: Swinging Strike
1-1: Ball
2-1: Ball
3-1: Foul Ball, location: 2F
3-2: Strikes out swinging
Batting: RHB Gordon Owens 0-0: Foul Ball, location: 2F
0-1: Ball
1-1: Ball
2-1: Ground out 1-3 (Groundball, 13S)
Top of the 1st over - 0 run(s), 0 hit(s), 0 error(s), 0 left on base; Arizona 0 - Iowa 0
BOTTOM OF THE 1ST
Iowa Hawkeyes batting - Pitching for Arizona Wildcats : RHP Kenny Gray
Pitching: RHP Kenny Gray
Batting: SHB Travis Martin 0-0: Ball
1-0: Ball
2-0: Ball
3-0: Base on Balls
Batting: RHB Daryl Hale 0-0: Ball
1-0: Called Strike
1-1: Called Strike
1-2: Ball
2-2: Ball
3-2: Ground out 5-3 (Groundball, 56)
Travis Martin to second
Batting: RHB Ed Nygaard 0-0: Ground out 4-3 (Groundball, 4)
Travis Martin to third
Batting: RHB Alexander Barr 0-0: Ball
1-0: Called Strike
1-1: Ball
2-1: Called Strike
2-2: Ball
3-2: Base on Balls
Batting: RHB Juan Escalante 0-0: Foul Ball, location: 2F
0-1: Called Strike
0-2: SINGLE (Line Drive, 7S)
Travis Martin scores
Alexander Barr to second
Batting: RHB Vincent Powers 0-0: Foul Ball, location: 2F
0-1: Ball
1-1: Foul Ball, location: 2F
1-2: Strikes out looking
Bottom of the 1st over - 1 run(s), 1 hit(s), 0 error(s), 2 left on base; Arizona 0 - Iowa 1
TOP OF THE 2ND
Arizona Wildcats batting - Pitching for Iowa Hawkeyes : RHP Steve Bigham
Batting: LHB Larry Battle 0-0: SINGLE (Line Drive, 89S)
Batting: RHB Arnold Flint 0-0: Called Strike
0-1: Ball
1-1: Ball
2-1: Ball
3-1: Swinging Strike
3-2: Fly out, F8 (Flyball, 89M)
3-2: Fly out, F8 (Flyball, 89M)
Batting: RHB Juan Navarro 0-0: Hit by Pitch
Larry Battle to second
Batting: RHB Jorge Colorada 0-0: Grounds into double play, 6-4-3 (Groundball, 6M)
Top of the 2nd over - 0 run(s), 1 hit(s), 0 error(s), 1 left on base; Arizona 0 - Iowa 1
BOTTOM OF THE 2ND
Iowa Hawkeyes batting - Pitching for Arizona Wildcats : RHP Kenny Gray
Batting: RHB Cory Thompson 0-0: Called Strike
0-1: Swinging Strike
0-2: Strikes out looking
Batting: RHB John Boyer 0-0: Called Strike
0-1: Called Strike
0-2: Ball
1-2: Ball
2-2: Ball
3-2: Strikes out swinging
Batting: RHB Mike Russell 0-0: Called Strike
0-1: Ground out 5-3 (Groundball, 56S)
Bottom of the 2nd over - 0 run(s), 0 hit(s), 0 error(s), 0 left on base; Arizona 0 - Iowa 1
TOP OF THE 3RD
Arizona Wildcats batting - Pitching for Iowa Hawkeyes : RHP Steve Bigham
Batting: RHB Tomás Delgado 0-0: Fly out, F8 (Flyball, 8LM)
Batting: RHB David Barker 0-0: Ball
1-0: Swinging Strike
1-1: Ground out 6-3 (Groundball, 6)
Batting: LHB Larry Smith 0-0: Ball
1-0: Ball
2-0: Ball
3-0: Base on Balls
Batting: RHB Jesús Ortíz 0-0: Called Strike
Larry Smith steals 2nd base
0-1: SINGLE (Groundball, 34)
Larry Smith to third
Runner from 3rd tries for Home, SAFE, no throw or cutoff
Batting: RHB Gordon Owens 0-0: Called Strike
0-1: Ball
1-1: Ball
Jesús Ortíz steals 2nd base
2-1: Ball
3-1: Base on Balls
Batting: LHB Larry Battle 0-0: Ground out 1-3 (Groundball, 23)
Top of the 3rd over - 1 run(s), 1 hit(s), 0 error(s), 2 left on base; Arizona 1 - Iowa 1
BOTTOM OF THE 3RD
Iowa Hawkeyes batting - Pitching for Arizona Wildcats : RHP Kenny Gray
Batting: SHB Travis Martin 0-0: Ball
1-0: Foul Ball, location: 2F
1-1: Foul Ball, location: 2F
1-2: Strikes out looking
Batting: RHB Daryl Hale 0-0: Ball
1-0: Ball
2-0: Called Strike
2-1: Fly out, F8 (Flyball, 8RM)
Batting: RHB Ed Nygaard 0-0: Called Strike
0-1: Foul Ball, location: 2F
0-2: Ball
1-2: Ball
2-2: Ball
3-2: Base on Balls
Batting: RHB Alexander Barr 0-0: Ground out 6-3 (Groundball, 6D)
Bottom of the 3rd over - 0 run(s), 0 hit(s), 0 error(s), 1 left on base; Arizona 1 - Iowa 1
TOP OF THE 4TH
Arizona Wildcats batting - Pitching for Iowa Hawkeyes : RHP Steve Bigham
Batting: RHB Arnold Flint 0-0: Called Strike
0-1: Foul Ball, location: 2F
0-2: Ball
1-2: Strikes out swinging
Batting: RHB Juan Navarro 0-0: Ball
1-0: Called Strike
1-1: Foul Ball, location: 2F
1-2: Ball
2-2: Foul Ball, location: 2F
2-2: Foul Ball, location: 2F
2-2: SINGLE (Groundball, 6MD)
Batting: RHB Jorge Colorada 0-0: Called Strike
0-1: Fly out, F9 (Flyball, 89M)
Batting: RHB Tomás Delgado 0-0: Fly out, F9 (Flyball, 9LMF)
Top of the 4th over - 0 run(s), 1 hit(s), 0 error(s), 1 left on base; Arizona 1 - Iowa 1
BOTTOM OF THE 4TH
Iowa Hawkeyes batting - Pitching for Arizona Wildcats : RHP Kenny Gray
Batting: RHB Juan Escalante 0-0: Ball
1-0: Called Strike
1-1: Fly out, F9 (Flyball, 9M)
Batting: RHB Vincent Powers 0-0: Called Strike
0-1: Foul Ball, location: 2F
0-2: Foul Ball, location: 2F
0-2: Foul Ball, location: 2F
0-2: Ball
1-2: SINGLE (Line Drive, 78S)
Batting: RHB Cory Thompson 0-0: Called Strike
Vincent Powers steals 2nd base
0-1: Ball
1-1: Fly out, F8 (Flyball, 8LM)
Batting: RHB John Boyer 0-0: Ball
1-0: Called Strike
1-1: Hit by Pitch
Batting: RHB Mike Russell 0-0: Fielders Choice at 2nd, 6-4 (Groundball, 6)
Bottom of the 4th over - 0 run(s), 1 hit(s), 0 error(s), 1 left on base; Arizona 1 - Iowa 1
TOP OF THE 5TH
Arizona Wildcats batting - Pitching for Iowa Hawkeyes : RHP Steve Bigham
Batting: RHB David Barker 0-0: Called Strike
0-1: Swinging Strike
0-2: Strikes out swinging
Batting: LHB Larry Smith 0-0: Ball
1-0: Ball
2-0: SINGLE (Line Drive, 6)
Batting: RHB Jesús Ortíz 0-0: Called Strike
0-1: Foul Ball, location: 2F
0-2: Strikes out looking
Batting: RHB Gordon Owens 0-0: Ball
Larry Smith steals 2nd base
1-0: Ball
2-0: Ground out 4-3 (Groundball, 34)
Top of the 5th over - 0 run(s), 1 hit(s), 0 error(s), 1 left on base; Arizona 1 - Iowa 1
BOTTOM OF THE 5TH
Iowa Hawkeyes batting - Pitching for Arizona Wildcats : RHP Kenny Gray
Batting: SHB Travis Martin 0-0: Ball
1-0: Ground out 3-1 (Groundball, 34)
Batting: RHB Daryl Hale 0-0: Ball
1-0: Ball
2-0: Fly out, F4 (Popup, 4MD)
Batting: RHB Ed Nygaard 0-0: Ball
1-0: Ball
2-0: Fly out, F2 (Popup, 2RF)
Bottom of the 5th over - 0 run(s), 0 hit(s), 0 error(s), 0 left on base; Arizona 1 - Iowa 1
TOP OF THE 6TH
Arizona Wildcats batting - Pitching for Iowa Hawkeyes : RHP Steve Bigham
Batting: LHB Larry Battle 0-0: Ball
1-0: Called Strike
1-1: Ball
2-1: Reached on error, E6 (Groundball, 6M)
Batting: RHB Arnold Flint 0-0: Ball
1-0: Foul Ball, location: 2F
1-1: Ball
2-1: Swinging Strike
2-2: Foul Ball, location: 2F
2-2: Foul Ball, location: 2F
2-2: Foul Ball, location: 2F
2-2: Ball
3-2: Foul Ball, location: 2F
3-2: Foul Ball, location: 2F
3-2: 2-RUN HOME RUN (Flyball, 7D), Distance : 366 ft
Pitching: RHP Dennis Montés
Batting: RHB Juan Navarro 0-0: Called Strike
0-1: Ground out 5-3 (Groundball, 56)
Batting: RHB Jorge Colorada 0-0: Called Strike
0-1: Called Strike
0-2: Strikes out looking
Batting: RHB Tomás Delgado 0-0: Ball
1-0: Ball
2-0: SINGLE (Groundball, 56D)
Batting: RHB David Barker 0-0: Foul Ball, location: 2F
0-1: Called Strike
0-2: Foul Ball, location: 2F
0-2: Ball
1-2: Strikes out looking
Top of the 6th over - 2 run(s), 2 hit(s), 1 error(s), 1 left on base; Arizona 3 - Iowa 1
BOTTOM OF THE 6TH
Iowa Hawkeyes batting - Pitching for Arizona Wildcats : RHP Kenny Gray
Batting: RHB Alexander Barr 0-0: Foul Ball, location: 2F
0-1: Ball
1-1: Ball
2-1: Ball
3-1: Base on Balls
Batting: RHB Juan Escalante 0-0: Ball
1-0: Ground out 4-3 (Groundball, 4M)
Alexander Barr to second
Pitching: LHP John Keller
Batting: RHB Vincent Powers 0-0: Called Strike
0-1: Called Strike
0-2: Foul Ball, location: 2F
0-2: Ball
1-2: Ball
2-2: Ball
3-2: Base on Balls
Batting: RHB Cory Thompson 0-0: Called Strike
0-1: Ball
1-1: Ball
2-1: Foul Ball, location: 2F
2-2: Foul Ball, location: 2F
2-2: Strikes out swinging
Batting: RHB John Boyer 0-0: Ball
1-0: Ball
2-0: Ball
3-0: Called Strike
3-1: Fly out, F8 (Flyball, 8RD)
Bottom of the 6th over - 0 run(s), 0 hit(s), 0 error(s), 2 left on base; Arizona 3 - Iowa 1
TOP OF THE 7TH
Arizona Wildcats batting - Pitching for Iowa Hawkeyes : RHP Dennis Montés
Batting: LHB Larry Smith 0-0: Ball
1-0: Called Strike
1-1: Ball
2-1: SINGLE (Line Drive, 34D)
Batting: RHB Jesús Ortíz 0-0: Called Strike
0-1: Ball
1-1: Ball
2-1: 2-RUN HOME RUN (Flyball, 7D), Distance : 351 ft
Batting: RHB Gordon Owens 0-0: Foul Ball, location: 2F
0-1: Ground out 1-3 (Groundball, 15)
Batting: LHB Larry Battle 0-0: Foul Ball, location: 2F
0-1: Fly out, F5 (Popup, 5D)
Batting: RHB Arnold Flint 0-0: Called Strike
0-1: Ball
1-1: Swinging Strike
1-2: Strikes out looking
Top of the 7th over - 2 run(s), 2 hit(s), 0 error(s), 0 left on base; Arizona 5 - Iowa 1
BOTTOM OF THE 7TH
Iowa Hawkeyes batting - Pitching for Arizona Wildcats : LHP John Keller
Batting: RHB Mike Russell 0-0: SINGLE (Line Drive, 4D)
Batting: SHB Travis Martin 0-0: 2-RUN HOME RUN (Line Drive, 7D), Distance : 361 ft
Batting: RHB Daryl Hale 0-0: Foul Ball, location: 2F
0-1: Ball
1-1: Ball
2-1: Foul Ball, location: 2F
2-2: Ball
3-2: Foul Ball, location: 2F
3-2: Base on Balls
Batting: RHB Ed Nygaard 0-0: Fly out, F5 (Popup, 5F)
Batting: RHB Alexander Barr 0-0: Ball
1-0: Ball
2-0: Called Strike
2-1: Called Strike
2-2: Foul Ball, location: 2F
2-2: Foul Ball, location: 2F
2-2: Foul Ball, location: 2F
2-2: Grounds into double play, 5-4-3 (Groundball, 56)
Bottom of the 7th over - 2 run(s), 2 hit(s), 0 error(s), 0 left on base; Arizona 5 - Iowa 3
TOP OF THE 8TH
Arizona Wildcats batting - Pitching for Iowa Hawkeyes : RHP Dennis Montés
Pitching: RHP Tom Wilson
Batting: RHB Juan Navarro 0-0: Foul Ball, location: 2F
0-1: Foul Ball, location: 2F
0-2: Strikes out looking
Batting: RHB Jorge Colorada 0-0: SINGLE (Line Drive, 56)
Batting: RHB Tomás Delgado 0-0: Ball
1-0: SINGLE (Groundball, 56)
Jorge Colorada to second
Batting: RHB David Barker 0-0: Ball
1-0: Ball
2-0: Ball
3-0: Called Strike
3-1: Base on Balls
Jorge Colorada to third
Tomás Delgado to second
Batting: LHB Larry Smith 0-0: Ball
1-0: Swinging Strike
1-1: Swinging Strike
1-2: Foul Ball, location: 2F
1-2: Ball
2-2: Strikes out swinging
Pinch Hitting: RHB Jake Lawrence 0-0: Called Strike
0-1: Called Strike
0-2: Strikes out looking
Top of the 8th over - 0 run(s), 2 hit(s), 0 error(s), 3 left on base; Arizona 5 - Iowa 3
BOTTOM OF THE 8TH
Iowa Hawkeyes batting - Pitching for Arizona Wildcats : LHP John Keller
Now in LF: Jake Lawrence
Batting: RHB Juan Escalante 0-0: Ball
1-0: Ball
2-0: Ball
3-0: Called Strike
3-1: Base on Balls
Pitching: RHP Matt Cleveland
Batting: RHB Vincent Powers 0-0: Ball
1-0: Ball
2-0: Ground out 5-3 (Groundball, 6S)
Juan Escalante to second
Batting: RHB Cory Thompson 0-0: Ball
1-0: SINGLE (Groundball, 13) (infield hit)
Juan Escalante to third
Batting: RHB John Boyer 0-0: Ball
1-0: Ball
2-0: Called Strike
2-1: Ball
3-1: Base on Balls
Cory Thompson to second
Batting: RHB Mike Russell 0-0: Called Strike
0-1: Ball
1-1: Foul Ball, location: 2F
1-2: Foul Ball, location: 2F
1-2: Foul Ball, location: 2F
1-2: Ball
2-2: Strikes out swinging
Batting: SHB Travis Martin 0-0: Called Strike
0-1: Swinging Strike
0-2: Ball
1-2: DOUBLE (Groundball, 3L)
Juan Escalante scores
Cory Thompson scores
John Boyer to third
Batting: RHB Daryl Hale 0-0: Ball
1-0: Ball
2-0: Ground out 6-3 (Groundball, 6)
Bottom of the 8th over - 2 run(s), 2 hit(s), 0 error(s), 2 left on base; Arizona 5 - Iowa 5
TOP OF THE 9TH
Arizona Wildcats batting - Pitching for Iowa Hawkeyes : RHP Tom Wilson
Pitching: RHP Roberto Solís
Batting: RHB Gordon Owens 0-0: Ball
1-0: Called Strike
1-1: Ball
2-1: Ground out 6-3 (Groundball, 6)
Batting: LHB Larry Battle 0-0: Ball
1-0: Called Strike
1-1: Called Strike
1-2: Ball
2-2: Ball
3-2: Strikes out swinging
Batting: RHB Arnold Flint 0-0: SINGLE (Groundball, 6D) (infield hit)
Batting: RHB Juan Navarro 0-0: Called Strike
0-1: Called Strike
0-2: Ball
1-2: Ball
2-2: Foul Ball, location: 2F
2-2: Strikes out swinging
Top of the 9th over - 0 run(s), 1 hit(s), 0 error(s), 1 left on base; Arizona 5 - Iowa 5
BOTTOM OF THE 9TH
Iowa Hawkeyes batting - Pitching for Arizona Wildcats : RHP Matt Cleveland
Batting: RHB Ed Nygaard 0-0: Ground out 5-3 (Groundball, 5)
Batting: RHB Alexander Barr 0-0: Called Strike
0-1: SINGLE (Line Drive, 6M)
Batting: RHB Juan Escalante 0-0: Called Strike
0-1: Ball
1-1: Foul Ball, location: 2F
1-2: Foul Ball, location: 2F
1-2: Ball
2-2: Ball
3-2: Foul Ball, location: 2F
3-2: Foul Ball, location: 2F
3-2: SINGLE (Line Drive, 4MD)
Alexander Barr to second
Pitching: RHP Ray Campbell
Batting: RHB Vincent Powers 0-0: Foul Ball, location: 2F
0-1: Ball
1-1: Ball
2-1: Swinging Strike
2-2: Strikes out swinging
Batting: RHB Cory Thompson 0-0: Foul Ball, location: 2F
Reached via error on a dropped throw, E3
Alexander Barr to third
Juan Escalante to second
Batting: RHB John Boyer 0-0: Fly out, F8 (Flyball, 89M)
Bottom of the 9th over - 0 run(s), 2 hit(s), 1 error(s), 3 left on base; Arizona 5 - Iowa 5
TOP OF THE 10TH
Arizona Wildcats batting - Pitching for Iowa Hawkeyes : RHP Roberto Solís
Batting: RHB Jorge Colorada 0-0: Ball
1-0: Fly out, F8 (Flyball, 8RM)
Pinch Hitting: RHB Alfredo Saucedo 0-0: Fly out, F4 (Popup, 34D)
Batting: RHB David Barker 0-0: Fly out, F7 (Flyball, 78S)
Top of the 10th over - 0 run(s), 0 hit(s), 0 error(s), 0 left on base; Arizona 5 - Iowa 5
BOTTOM OF THE 10TH
Iowa Hawkeyes batting - Pitching for Arizona Wildcats : RHP Ray Campbell
Now at C: Maurice Long
Batting: RHB Mike Russell 0-0: Foul Ball, location: 2F
0-1: Foul Ball, location: 2F
0-2: Strikes out swinging
Batting: SHB Travis Martin 0-0: Foul Ball, location: 2F
0-1: Ball
1-1: Ball
2-1: SINGLE (Line Drive, 9LS)
Batting: RHB Daryl Hale 0-0: Called Strike
Travis Martin is caught stealing 2nd base
0-1: Ground out 5-3 (Groundball, 56)
Bottom of the 10th over - 0 run(s), 1 hit(s), 0 error(s), 0 left on base; Arizona 5 - Iowa 5
TOP OF THE 11TH
Arizona Wildcats batting - Pitching for Iowa Hawkeyes : RHP Roberto Solís
Batting: LHB Larry Smith 0-0: Ball
1-0: Swinging Strike
1-1: Foul Ball, location: 2F
1-2: Foul Ball, location: 2F
1-2: Ball
2-2: Foul Ball, location: 2F
2-2: Strikes out looking
Batting: RHB Jake Lawrence 0-0: Called Strike
0-1: Foul Ball, location: 2F
0-2: Ball
1-2: Strikes out swinging
Batting: RHB Gordon Owens 0-0: Ball
1-0: Foul Ball, location: 2F
1-1: Called Strike
1-2: Ball
2-2: Strikes out swinging
Top of the 11th over - 0 run(s), 0 hit(s), 0 error(s), 0 left on base; Arizona 5 - Iowa 5
BOTTOM OF THE 11TH
Iowa Hawkeyes batting - Pitching for Arizona Wildcats : RHP Ray Campbell
Batting: RHB Ed Nygaard 0-0: SINGLE (Line Drive, 6M)
Batting: RHB Alexander Barr 0-0: Swinging Strike
0-1: Called Strike
0-2: Strikes out swinging
Batting: RHB Juan Escalante 0-0: Called Strike
0-1: SINGLE (Line Drive, 8RS)
Ed Nygaard to second
Batting: RHB Vincent Powers 0-0: Ball
1-0: Called Strike
1-1: Ball
2-1: Foul Ball, location: 2F
2-2: Ball
3-2: Strikes out looking
Batting: RHB Cory Thompson 0-0: Called Strike
0-1: Ball
1-1: Called Strike
1-2: Strikes out looking
Bottom of the 11th over - 0 run(s), 2 hit(s), 0 error(s), 2 left on base; Arizona 5 - Iowa 5
TOP OF THE 12TH
Arizona Wildcats batting - Pitching for Iowa Hawkeyes : RHP Roberto Solís
Batting: LHB Larry Battle 0-0: Ball
1-0: Ball
2-0: Swinging Strike
2-1: Called Strike
2-2: Strikes out swinging
Batting: RHB Arnold Flint 0-0: Ball
1-0: Foul Ball, location: 2F
1-1: Ball
2-1: TRIPLE (Flyball, 89M)
Batting: RHB Juan Navarro 0-0: Ball
1-0: Ball
2-0: Ball
3-0: Base on Balls
Batting: RHB Jorge Colorada 0-0: Ball
1-0: Ball
2-0: SINGLE (Groundball, 56D)
Arnold Flint scores
Juan Navarro to second
Pitching: RHP Arturo Morales
Batting: RHB Maurice Long 0-0: Called Strike
0-1: SINGLE (Line Drive, 8RS)
Juan Navarro to third
Jorge Colorada to second
Runner from 3rd tries for Home, SAFE, throw made home
Batting: RHB David Barker 0-0: Foul Ball, location: 2F
0-1: Ball
1-1: Called Strike
1-2: Strikes out swinging
Batting: LHB Larry Smith 0-0: Swinging Strike
0-1: Ball
1-1: Ball
2-1: SINGLE (Groundball, 23) (infield hit)
Jorge Colorada to third
Maurice Long to second
Batting: RHB Jake Lawrence 0-0: Ball
1-0: Called Strike
1-1: Ball
2-1: Foul Ball, location: 2F
2-2: Fly out, F4 (Popup, 4)
Top of the 12th over - 2 run(s), 4 hit(s), 0 error(s), 3 left on base; Arizona 7 - Iowa 5
BOTTOM OF THE 12TH
Iowa Hawkeyes batting - Pitching for Arizona Wildcats : RHP Ray Campbell
Pitching: LHP Aaron Blankenship
Batting: RHB John Boyer 0-0: Called Strike
0-1: Ball
1-1: Ball
2-1: Swinging Strike
2-2: Strikes out swinging
Batting: RHB Mike Russell 0-0: Ball
1-0: Ball
2-0: Ball
3-0: Called Strike
3-1: Ground out 5-3 (Groundball, 56S)
Batting: SHB Travis Martin 0-0: Foul Ball, location: 2F
0-1: Ground out 6-3 (Groundball, 6)
Bottom of the 12th over - 0 run(s), 0 hit(s), 0 error(s), 0 left on base; Arizona 7 - Iowa 5
Monday, December 5th, 2016 - OOTP Baseball 17.12 Build 75